 Dungeon Crawl Stone Soup version 0.25-a0-488-g03579ab4a3 (webtiles) character file.

Game seed: 12971484947365017628, levelgen mode: deterministic

38 Error4North the Shield-Bearer (level 3, -2/33 HPs)
             Began as a Hill Orc Fighter on Feb 11, 2020.
             Slain by a worm (9 damage)
             ... on level 2 of the Dungeon.
             The game lasted 00:03:09 (819 turns).

Error4North the Shield-Bearer (Hill Orc Fighter)     Turns: 819, Time: 00:03:10

Health: -2/33      AC:  7    Str: 19    XL:     3   Next: 43%
Magic:  3/3        EV:  7    Int:  8    God:
Gold:   69         SH:  9    Dex: 10    Spells: 2/2 levels left

rFire    . . .     SeeInvis .   a - +0 war axe
rCold    . . .     Gourm    .   c - +0 kite shield
rNeg     . . .     Faith    .   b - +0 scale mail
rPois    .         Spirit   .   (no helmet)
rElec    .         Reflect  .   (no cloak)
rCorr    +         Harm     .   (no gloves)
MR       .....                  (no boots)
Stlth    ..........             p - amulet of inaccuracy (curse)
HPRegen  0.11/turn              l - ring of resist corrosion
MPRegen  0.08/turn              (no ring)

@: no status effects
A: no striking features
a: no special abilities


You were on level 2 of the Dungeon.
You were not hungry.

You visited 1 branch of the dungeon, and saw 2 of its levels.

You collected 69 gold pieces.

Inventory:

Hand Weapons
 a - a +0 war axe (weapon)
Missiles
 i - 7 boomerangs (quivered)
Armour
 b - a +0 scale mail (worn)
 c - a +0 kite shield (worn)
Jewellery
 l - a ring of resist corrosion (left hand)
 p - a cursed amulet of inaccuracy (around neck)
Scrolls
 e - 2 scrolls of identify {unknown}
 g - a scroll of immolation {unknown}
 k - a scroll of fear {unknown}
 m - 2 scrolls of teleportation {unknown}
 n - a scroll of enchant weapon {unknown}
Potions
 d - a potion of might
 h - a potion of flight {unknown}
 j - a potion of invisibility {unknown}
Comestibles
 f - 3 rations
 o - a chunk of flesh


   Skills:
 * Level 3.7 Fighting
 + Level 3.1 Axes
 * Level 3.8 Armour
 + Level 0.1 Stealth
 * Level 4.0 Shields


You had 2 spell levels left.
You didn't know any spells.
Your spell library was empty.

Dungeon Overview and Level Annotations

Branches:
Dungeon (2/15)

Altars:


Message History

p - a dented beryl amulet
There are no items here.
Oops, that amulet feels deathly cold.
p - a cursed amulet of inaccuracy (around neck)
l - a ring of resist corrosion (left hand)
The worm bites you.
You slash the worm!
The worm is severely wounded.
You block the worm's attack.
You hit the worm.
The worm is severely wounded.
The worm bites you!
You closely miss the worm.
The worm is severely wounded.
The worm bites you.
* * * LOW HITPOINT WARNING * * *
You hit the worm.
The worm is almost dead.
The worm bites you!
You die...

............#
....)......#
...#....รท# #
####.....## ..
.........#
...####.....#######
.#....###.........#
........<.........#
.......<.#.##..@###
....####.###....w#
## ###....8....
.............
.>...###...>.#
...## ##...# ###
####


You could see a worm.

Vanquished Creatures
  A worm (D:2)
  A dart slug (D:1)
  A leopard gecko (D:1)
  A giant cockroach (D:1)
  4 goblins (D:1)
  7 hobgoblins (D:1)
  3 kobolds (D:1)
  A quokka (D:2)
  A ball python (D:2)
  4 bats (D:1)
  5 rats (D:1)
29 creatures vanquished.

Notes
Turn   | Place    | Note
-------+----------+-------------------------------------------
     0 | D:1      | Error4North the Hill Orc Fighter began the quest for the
                  | Orb.
     0 | D:1      | Reached XP level 1. HP: 19/19 MP: 1/1
    63 | D:1      | Reached XP level 2. HP: 25/26 MP: 2/2
   381 | D:1      | Reached XP level 3. HP: 30/33 MP: 3/3
   790 | D:2      | Reached skill level 4 in Shields
   819 | D:2      | Slain by a worm

Levels and vault maps discovered:
D:1:      psy_arrival_spokes, layout_basic
D:2:      layout_rooms, nemelex_altar_shiori, grunt_ministairs_12, uniq_sigmund,
          uniq_crazy_yiuf_cottage

Skill      XL: |  1  2  3 |
---------------+----------+-----
Axes           | 3 |  3.1
Shields        | 4 |  4.0
Fighting       | |  3.7
Armour         | |  3.8
Stealth        | |  0.1

Action                   || total
-------------------------++-------
Melee: War axe           ||    81
Throw: Boomerang         ||    15
Armor: Scale mail        ||    39
Dodge: Dodged            ||    29
Block: Kite shield       ||    38

Table legend:
 A = Non-vault XP
 B = Vault XP
 C = Vault XP percentage of total XP
 D = Non-vault monster count
 E = Vault monster count
 F = Vault count percentage of total count
                 A         B        C        D         E       F
            +---------+---------+-------+---------+---------+-------
      Total |      53 |       2 |   3.6 |      28 |       1 |   3.4
            +---------+---------+-------+---------+---------+-------
        D:1 |      47 |       0 |   0.0 |      26 |       0 |   0.0
        D:2 |       6 |       2 |  25.0 |       2 |       1 |  33.3
            +---------+---------+-------+---------+---------+-------
